EL
MIDLAND ROCKHOUNDS @ TRENTON THUNDER
08/05/2048
 
TOP OF THE 1ST
Midland RockHounds batting - Pitching for Trenton Thunder : LHP Nick Turner
Pitching: LHP Nick Turner
Batting: RHB Jonathan Ellis 0-0: Ball
1-0: Foul Ball, location: 2F
1-1: Called Strike
1-2: DOUBLE (Flyball, 8RXD, EV 101.2 MPH)
Batting: RHB Matt Sherard 0-0: Called Strike
0-1: Foul Ball, location: 2F
0-2: Foul Ball, location: 2F
0-2: Foul Ball, location: 2F
0-2: Ball
1-2: Strikes out swinging
Batting: RHB Travis Robinson 0-0: Called Strike
0-1: Fly out, F9 (Flyball, 89M, EV 83.8 MPH)
Batting: RHB Micah Roth 0-0: SINGLE (Flyball, 78S, EV 82.5 MPH)
Jonathan Ellis to third
Runner from 3rd tries for Home, throw by LF and OUT! 7-2
Top of the 1st over - 0 runs, 2 hits, 0 errors, 1 left on base; Midland 0 - Trenton 0
BOTTOM OF THE 1ST
Trenton Thunder batting - Pitching for Midland RockHounds : RHP Chad Casey
Pitching: RHP Chad Casey
Batting: SHB Jay Gagnon 0-0: Ball
1-0: Called Strike
1-1: Ball
2-1: Ball
3-1: Base on Balls
Batting: RHB Tim Osborn 0-0: Ball
Jay Gagnon is caught stealing 2nd base 2-4
1-0: Called Strike
1-1: Called Strike
1-2: Foul Ball, location: 2F
1-2: Ground out U3 (Groundball, 34S, EV 92.5 MPH)
Batting: LHB Jared Zulkowski 0-0: Ball
1-0: Swinging Strike
1-1: Swinging Strike
1-2: Ball
2-2: Strikes out swinging
Bottom of the 1st over - 0 runs, 0 hits, 0 errors, 0 left on base; Midland 0 - Trenton 0
TOP OF THE 2ND
Midland RockHounds batting - Pitching for Trenton Thunder : LHP Nick Turner
Batting: RHB Todd Vanasco 0-0: Ball
1-0: Ball
2-0: Swinging Strike
2-1: Ball
3-1: Base on Balls
Batting: LHB Tom Raupp 0-0: Called Strike
Todd Vanasco is caught stealing 2nd base 2-6
0-1: Ground out 1-3 (Groundball, 13S, EV 71.2 MPH)
Batting: RHB Roger Simmons 0-0: Called Strike
0-1: Fly out, F9 (Flyball, 9S, EV 81.9 MPH)
Top of the 2nd over - 0 runs, 0 hits, 0 errors, 0 left on base; Midland 0 - Trenton 0
BOTTOM OF THE 2ND
Trenton Thunder batting - Pitching for Midland RockHounds : RHP Chad Casey
Batting: RHB Sam Hubbert 0-0: Called Strike
0-1: Foul Ball, location: 2F
0-2: Ball
1-2: Ball
2-2: Foul Ball, location: 2F
2-2: Ground out 6-3 (Groundball, 6, EV 84.4 MPH)
Batting: SHB David Stewart 0-0: Ball
1-0: Foul Ball, location: 2F
1-1: Called Strike
1-2: Foul Ball, location: 2F
1-2: Ball
2-2: Foul Ball, location: 2F
2-2: Ball
3-2: Fly out, F8 (Flyball, 8RD, EV 95.6 MPH)
Batting: SHB Houston Phillips 0-0: Ball
1-0: SINGLE (Groundball, 4MD, EV 105.6 MPH)
Batting: RHB Javier Umanzor 0-0: Ball
1-0: 2-RUN HOME RUN (Flyball, 9D, EV 100.0 MPH), Distance : 379 ft
Batting: RHB Christian Shearer 0-0: Called Strike
0-1: Ball
1-1: Called Strike
1-2: Strikes out swinging
Bottom of the 2nd over - 2 runs, 2 hits, 0 errors, 0 left on base; Midland 0 - Trenton 2
TOP OF THE 3RD
Midland RockHounds batting - Pitching for Trenton Thunder : LHP Nick Turner
Batting: RHB David Sharp 0-0: Called Strike
0-1: Fly out, F4 (Popup, 4D, EV 75.0 MPH)
Batting: RHB Moses Brokken 0-0: Called Strike
0-1: Foul Ball, location: 2F
0-2: Ball
1-2: Ball
2-2: Strikes out swinging
Batting: RHB Jonathan Ellis 0-0: Ball
1-0: Foul Ball, location: 2F
1-1: Foul Ball, location: 2F
1-2: Foul Ball, location: 2F
1-2: Foul Ball, location: 2F
1-2: Fly out, F8 (Flyball, 8RD, EV 92.5 MPH)
Top of the 3rd over - 0 runs, 0 hits, 0 errors, 0 left on base; Midland 0 - Trenton 2
BOTTOM OF THE 3RD
Trenton Thunder batting - Pitching for Midland RockHounds : RHP Chad Casey
Batting: RHB Alex Colon 0-0: Foul Ball, location: 2F
0-1: Ball
1-1: Ground out U3 (Groundball, 3S, EV 76.9 MPH)
Batting: SHB Jay Gagnon 0-0: Foul Ball, location: 2F
0-1: Foul Ball, location: 2F
0-2: Foul Ball, location: 2F
0-2: Fly out, F9 (Flyball, 9D, EV 101.9 MPH)
Batting: RHB Tim Osborn 0-0: Swinging Strike
0-1: Fly out, F4 (Popup, 4, EV 76.9 MPH)
Bottom of the 3rd over - 0 runs, 0 hits, 0 errors, 0 left on base; Midland 0 - Trenton 2
TOP OF THE 4TH
Midland RockHounds batting - Pitching for Trenton Thunder : LHP Nick Turner
Batting: RHB Matt Sherard 0-0: Ground out 5-3 (Groundball, 5L, EV 85.6 MPH)
Batting: RHB Travis Robinson 0-0: Foul Ball, location: 2F
0-1: Called Strike
0-2: Strikes out swinging
Batting: RHB Micah Roth 0-0: Ball
1-0: Ball
2-0: Ground out 1-3 (Groundball, 13S, EV 64.4 MPH)
Top of the 4th over - 0 runs, 0 hits, 0 errors, 0 left on base; Midland 0 - Trenton 2
BOTTOM OF THE 4TH
Trenton Thunder batting - Pitching for Midland RockHounds : RHP Chad Casey
Batting: LHB Jared Zulkowski 0-0: Ball
1-0: Ball
2-0: Ball
3-0: Called Strike
3-1: Base on Balls
Batting: RHB Sam Hubbert 0-0: Called Strike
0-1: Ball
1-1: SINGLE (Groundball, 56D, EV 97.5 MPH)
Jared Zulkowski to second
Batting: SHB David Stewart 0-0: Ball
1-0: Ball
2-0: Called Strike
2-1: Ball
3-1: Foul Ball, location: 2F
3-2: Base on Balls
Jared Zulkowski to third
Sam Hubbert to second
Batting: SHB Houston Phillips 0-0: Swinging Strike
0-1: Ball
1-1: Fielders Choice at 2nd, 6-4 (Groundball, 6M, EV 77.5 MPH)
Jared Zulkowski scores
Sam Hubbert to third
Batting: RHB Javier Umanzor 0-0: Ball
1-0: Fielders Choice at 2nd, 6-4 (Groundball, 6, EV 83.1 MPH)
Sam Hubbert scores
Batting: RHB Christian Shearer 0-0: Called Strike
0-1: Ball
1-1: Ball
2-1: Ball
3-1: Foul Ball, location: 2F
3-2: Base on Balls
Javier Umanzor to second
Batting: RHB Alex Colon 0-0: Called Strike
0-1: Called Strike
0-2: DOUBLE (Line Drive, 89D, EV 104.4 MPH)
Javier Umanzor scores
Christian Shearer to third
Pitching: RHP Alfonso Alvarado
Batting: SHB Jay Gagnon 0-0: Called Strike
0-1: Ball
1-1: Ball
2-1: Foul Ball, location: 2F
2-2: Ball
3-2: Base on Balls
Batting: RHB Tim Osborn 0-0: Called Strike
0-1: Ball
1-1: Foul Ball, location: 2F
1-2: Fly out, F3 (Line Drive, 3, EV 68.1 MPH)
Bottom of the 4th over - 3 runs, 2 hits, 0 errors, 3 left on base; Midland 0 - Trenton 5
TOP OF THE 5TH
Midland RockHounds batting - Pitching for Trenton Thunder : LHP Nick Turner
Batting: RHB Todd Vanasco 0-0: Ball
1-0: Ball
2-0: Foul Ball, location: 2F
2-1: Ball
3-1: Foul Ball, location: 2F
3-2: Foul Ball, location: 2F
3-2: Base on Balls
Batting: LHB Tom Raupp 0-0: Ball
1-0: Called Strike
1-1: Ball
2-1: Ball
3-1: Foul Ball, location: 2F
3-2: Foul Ball, location: 2F
3-2: Ground out 4-3 (Groundball, 34, EV 104.4 MPH)
Todd Vanasco to second
Batting: RHB Roger Simmons 0-0: Ball
1-0: Called Strike
1-1: Ball
2-1: Ground out 3-1 (Groundball, 34, EV 81.2 MPH)
Todd Vanasco to third
Batting: RHB David Sharp 0-0: Swinging Strike
0-1: Foul Ball, location: 2F
0-2: Ball
1-2: Ball
2-2: Strikes out swinging
Top of the 5th over - 0 runs, 0 hits, 0 errors, 1 left on base; Midland 0 - Trenton 5
BOTTOM OF THE 5TH
Trenton Thunder batting - Pitching for Midland RockHounds : RHP Alfonso Alvarado
Batting: LHB Jared Zulkowski 0-0: Ball
1-0: Called Strike
1-1: Fly out, F9 (Flyball, 9S, EV 77.5 MPH)
Batting: RHB Sam Hubbert 0-0: Ball
1-0: DOUBLE (Line Drive, 7LD, EV 114.4 MPH)
Batting: SHB David Stewart 0-0: Called Strike
0-1: Ball
1-1: Ground out 1-3 (Groundball, 13S, EV 63.8 MPH)
Sam Hubbert to third
Batting: SHB Houston Phillips 0-0: Ball
1-0: Foul Ball, location: 2F
1-1: Ball
2-1: Called Strike
2-2: Ball
3-2: Base on Balls
Batting: RHB Javier Umanzor 0-0: Called Strike
0-1: Ball
1-1: DOUBLE (Line Drive, 89D, EV 107.5 MPH)
Sam Hubbert scores
Houston Phillips to third
Runner from 3rd tries for Home, SAFE, throw by RF to home
Batting: RHB Christian Shearer 0-0: Called Strike
0-1: Called Strike
0-2: Ball
1-2: Strikes out swinging
Bottom of the 5th over - 2 runs, 2 hits, 0 errors, 1 left on base; Midland 0 - Trenton 7
TOP OF THE 6TH
Midland RockHounds batting - Pitching for Trenton Thunder : LHP Nick Turner
Batting: RHB Moses Brokken 0-0: Foul Ball, location: 2F
0-1: Foul Ball, location: 2F
0-2: Strikes out swinging, 2-3 out at first.
Batting: RHB Jonathan Ellis 0-0: Ground out 5-3 (Groundball, 5, EV 95.0 MPH)
Batting: RHB Matt Sherard 0-0: Foul Ball, location: 2F
0-1: Foul Ball, location: 2F
0-2: Foul Ball, location: 2F
0-2: Foul Ball, location: 2F
0-2: Foul Ball, location: 2F
0-2: DOUBLE (Line Drive, 8LXD, EV 101.2 MPH)
Batting: RHB Travis Robinson 0-0: Swinging Strike
0-1: SINGLE (Line Drive, 34D, EV 103.8 MPH)
Matt Sherard to third
Runner from 3rd tries for Home, SAFE, throw by RF to home
Batting: RHB Micah Roth 0-0: Ball
1-0: Ball
2-0: Fly out, F9 (Flyball, 9D, EV 103.1 MPH)
Top of the 6th over - 1 run, 2 hits, 0 errors, 1 left on base; Midland 1 - Trenton 7
BOTTOM OF THE 6TH
Trenton Thunder batting - Pitching for Midland RockHounds : RHP Alfonso Alvarado
Batting: RHB Alex Colon 0-0: Called Strike
0-1: Ball
1-1: Foul Ball, location: 2F
1-2: Strikes out looking
Batting: SHB Jay Gagnon 0-0: Called Strike
0-1: Foul Ball, location: 2F
0-2: Ball
1-2: Foul Ball, location: 2F
1-2: SINGLE (Groundball, 34S, EV 73.8 MPH) (infield hit)
Batting: RHB Tim Osborn 0-0: Called Strike
0-1: Called Strike
0-2: Ball
1-2: Strikes out swinging
Batting: LHB Jared Zulkowski 0-0: Called Strike
0-1: Ball
1-1: Called Strike
1-2: Ball
2-2: Ball
3-2: 2-RUN HOME RUN (Line Drive, 89XD, EV 106.2 MPH), Distance : 435 ft
Batting: RHB Sam Hubbert 0-0: Called Strike
0-1: Ball
1-1: Called Strike
1-2: Fly out, F9 (Flyball, 9LM, EV 86.9 MPH)
Bottom of the 6th over - 2 runs, 2 hits, 0 errors, 0 left on base; Midland 1 - Trenton 9
TOP OF THE 7TH
Midland RockHounds batting - Pitching for Trenton Thunder : LHP Nick Turner
Batting: RHB Todd Vanasco 0-0: Ball
1-0: Called Strike
1-1: Ball
2-1: Foul Ball, location: 2F
2-2: SINGLE (Groundball, 56D, EV 102.5 MPH)
Batting: LHB Tom Raupp 0-0: Called Strike
0-1: Fly out, F5 (Line Drive, 56, EV 73.1 MPH)
Pinch Hitting: RHB Larry Clark 0-0: Swinging Strike
0-1: Ball
1-1: Ball
2-1: Foul Ball, location: 2F
2-2: Fly out, F4 (Popup, 3S, EV 92.5 MPH)
Pinch Hitting: RHB Tim Anderson 0-0: Foul Ball, location: 2F
0-1: Foul Ball, location: 2F
0-2: Ball
1-2: Strikes out swinging
Top of the 7th over - 0 runs, 1 hit, 0 errors, 1 left on base; Midland 1 - Trenton 9
BOTTOM OF THE 7TH
Trenton Thunder batting - Pitching for Midland RockHounds : RHP Alfonso Alvarado
Now at 1B: Jonathan Ellis
Now at 2B: Tim Anderson
Now at SS: Larry Clark
Pinch Hitting: LHB Bart Davies 0-0: Swinging Strike
0-1: Ball
1-1: Ball
2-1: Swinging Strike
2-2: Strikes out looking
Batting: SHB Houston Phillips 0-0: Ball
1-0: Ground out 1-3 (Groundball, 15S, EV 65.0 MPH)
Batting: RHB Javier Umanzor 0-0: Called Strike
0-1: SINGLE (Groundball, 6MD, EV 95.6 MPH)
Pitching: RHP Jesus Moreno
Batting: RHB Christian Shearer 0-0: Foul Ball, location: 2F
0-1: DOUBLE (Groundball, 3L, EV 106.2 MPH)
Javier Umanzor to third
Batting: RHB Alex Colon 0-0: Ball
1-0: Foul Ball, location: 2F
1-1: Foul Ball, location: 2F
1-2: Strikes out swinging
Bottom of the 7th over - 0 runs, 2 hits, 0 errors, 2 left on base; Midland 1 - Trenton 9
TOP OF THE 8TH
Midland RockHounds batting - Pitching for Trenton Thunder : LHP Nick Turner
Pitching: RHP Angel Gutierres
Now at 2B: Tim Osborn
Now in CF: Bart Davies
Batting: RHB Moses Brokken 0-0: Foul Ball, location: 2F
0-1: Ball
1-1: Ball
2-1: Foul Ball, location: 2F
2-2: SOLO HOME RUN (Flyball, 7D, EV 111.9 MPH), Distance : 406 ft
Pinch Hitting: RHB Manny Moron 0-0: Ball
1-0: Called Strike
1-1: Called Strike
1-2: Foul Ball, location: 2F
1-2: Foul Ball, location: 2F
1-2: Ground out 6-3 (Groundball, 6MD, EV 80.6 MPH)
Batting: RHB Matt Sherard 0-0: Ball
1-0: Fly out, F6 (Line Drive, 6, EV 60.0 MPH)
Batting: RHB Travis Robinson 0-0: Foul Ball, location: 2F
0-1: Foul Ball, location: 2F
0-2: Ball
1-2: Foul Ball, location: 2F
1-2: Strikes out swinging
Top of the 8th over - 1 run, 1 hit, 0 errors, 0 left on base; Midland 2 - Trenton 9
BOTTOM OF THE 8TH
Trenton Thunder batting - Pitching for Midland RockHounds : RHP Jesus Moreno
Now at 1B: Alan Bianchard
Pinch Hitting: RHB Bryan Westray 0-0: Ball
1-0: Reached via error on a dropped throw from 2B, E3 (Groundball, 4M, EV 85.6 MPH)
Batting: RHB Tim Osborn 0-0: Ball
1-0: Called Strike
1-1: Called Strike
1-2: Ball
2-2: Fielders Choice at 2nd, 5-4 (Groundball, 56, EV 83.8 MPH)
Batting: LHB Jared Zulkowski 0-0: Ball
1-0: Called Strike
1-1: Ball
2-1: Ground out 6-3 (Groundball, P, EV 88.8 MPH)
Tim Osborn to second
Pinch Hitting: LHB Victor Fiallos 0-0: Ball
1-0: Foul Ball, location: 2F
1-1: Foul Ball, location: 2F
1-2: Fly out, F9 (Flyball, 9LS, EV 84.4 MPH)
Bottom of the 8th over - 0 runs, 0 hits, 1 error, 1 left on base; Midland 2 - Trenton 9
TOP OF THE 9TH
Midland RockHounds batting - Pitching for Trenton Thunder : RHP Angel Gutierres
Now at 1B: Victor Fiallos
Now in RF: Bryan Westray
Batting: RHB Micah Roth 0-0: Called Strike
0-1: Ball
1-1: Ball
2-1: Swinging Strike
2-2: Ball
3-2: Foul Ball, location: 2F
3-2: Ground out 3-1 (Groundball, 3D, EV 85.0 MPH)
Batting: RHB Todd Vanasco 0-0: DOUBLE (Line Drive, 78D, EV 111.2 MPH)
Pitching: LHP Jon Moore
Batting: LHB Tom Raupp 0-0: Called Strike
0-1: Foul Ball, location: 2F
0-2: Fly out, F7 (Flyball, 78S, EV 90.6 MPH)
Batting: RHB Larry Clark 0-0: TRIPLE (Line Drive, 89XD, EV 106.2 MPH)
Todd Vanasco scores
Batting: RHB Tim Anderson 0-0: Ball
1-0: Called Strike
1-1: SINGLE (Groundball, P, EV 81.9 MPH) (infield hit)
Larry Clark scores
Batting: RHB Moses Brokken 0-0: Ball
1-0: Ball
2-0: Called Strike
2-1: Fielders Choice at 2nd, 5-4 (Groundball, 56, EV 84.4 MPH)
Top of the 9th over - 2 runs, 3 hits, 0 errors, 1 left on base; Midland 4 - Trenton 9
Tuesday, March 28th , 2023 - OOTP Baseball 23.10 Build 110